 Dungeon Crawl Stone Soup version 0.19.5 (webtiles) character file.

98 equalderp2856 the Scratcher (level 4, -13/21 HPs)
             Began as a Felid Fighter on Mar 29, 2017.
             Mangled by an ogre
             ... wielding a +0 giant club
              (16 damage)
             ... on level 5 of the Dungeon.
             The game lasted 00:10:43 (4044 turns).

equalderp2856 the Scratcher (Felid Fighter)         Turns: 4044, Time: 00:10:44

Health: -13/21     AC:  3    Str: 13    XL:     4   Next: 43%
Magic:  4/4        EV: 20    Int: 11    God:
Gold:   176        SH:  0    Dex: 16    Spells: 0 memorised, 3 levels left
                                        Lives:  0   Deaths: 1

rFire  . . .     SeeInvis +       - Unarmed
rCold  . . .     Gourm    .     (armour unavailable)
rNeg   . . .     Faith    .     (shield unavailable)
rPois  .         Spirit   .     (helmet unavailable)
rElec  .         Reflect  .     (cloak unavailable)
rCorr  .         Harm     .     (gloves unavailable)
MR     .....     Clarity  +     (boots unavailable)
Stlth  ++........               (no amulet)
                                (no ring)
                                (no ring)

@: quick
A: no armour, no weapons or thrown items, stealth, claws 1, fangs 3, thin
metallic scales 1, see invisible, carnivore 3, clarity, clever 1, speed 1, low
mp 1, shaggy fur 1, slow metabolism 1, sharp paws
a: no special abilities


You were on level 5 of the Dungeon.
You were not hungry.

You visited 1 branch of the dungeon, and saw 5 of its levels.

You collected 176 gold pieces.

Inventory:

Scrolls
 d - a scroll of blinking {unknown}
 e - 2 scrolls of remove curse
 g - a scroll of enchant armour
 k - a scroll of identify {unknown}
 l - a scroll of immolation {unknown}
 n - a scroll of teleportation {unknown}
Potions
 a - a potion of might
 j - a potion of ambrosia
Comestibles
 b - 3 meat rations
 c - a slice of pizza
 m - a beef jerky


   Skills:
 + Level 3.4 Fighting
 + Level 5.1 Dodging
 + Level 1.7 Stealth
 + Level 5.7 Unarmed Combat


You had 3 spell levels left.
You didn't know any spells.

Dungeon Overview and Level Annotations

Branches:
Dungeon (5/15)
 Temple: D:4-7

Altars:
Kikubaaqudgha
Ru
Yredelemnul
The Shining One

Annotations:
D:3 Sigmund, Terence


Innate Abilities, Weirdness & Mutations

You cannot wear armour.
You are incapable of wielding weapons or throwing items.
Your paws allow you to move quietly. (Stealth)
You have sharp claws.
You have razor-sharp teeth.
You have supernaturally acute eyesight. (SInv)
You are carnivorous and can eat meat at any time.
You cover ground quickly.
You are covered in fur. (AC +1)
You have a slow metabolism.
Your sharp claws are effective at attacking unaware monsters.
You are partially covered in thin metallic scales. (AC +2)
You possess an exceptional clarity of mind.
Your mind is acute. (Int +2)
Your magical capacity is low. (-10% MP)


Message History

You claw the ogre!
The ogre is heavily wounded.
The ogre completely misses you.
A jackal comes into view.
The jackal barks!
You claw the ogre!
The ogre is severely wounded.
The ogre completely misses you.
You scratch the ogre but do no damage.
The ogre is severely wounded.
The ogre misses you.
You closely miss the ogre.
The ogre is severely wounded.
The jackal bites you but does no damage.
The jackal completely misses you.
You scratch the ogre. You claw the ogre, but do no damage.
The ogre is almost dead.
The ogre hits you with a giant club!
Ouch! That really hurt!
You die...

..#<.....# .
#.#......#
..###+#........#....
...............#....
....................
.#..........# ....#
....h.h.....##....
......O@.......#
.#####hh.......#
#....>....+
#.......#....#
#.....###.<..#
.......# #....#
.......# #....#
........ #....#
....... #....#


You could see an ogre and 4 jackals.

Vanquished Creatures
  An orc priest (D:4)
  A worker ant (D:4)
  Robin (D:2)
  An adder (D:1)
  A dart slug (D:1)
  2 leopard geckos (D:1)
  10 orcs
  8 bats
  2 giant cockroaches (D:2)
  23 goblins
  9 hobgoblins
  2 jackals (D:2)
  A quokka (D:2)
  A ball python (D:4)
  5 frilled lizards
  4 kobolds
  9 rats
81 creatures vanquished.

Notes
Turn   | Place    | Note
-------+----------+-------------------------------------------
     0 | D:1      | equalderp2856 the Felid Fighter began the quest for the Orb.
     0 | D:1      | Reached XP level 1. HP: 10/10 MP: 2/2
   309 | D:1      | Reached XP level 2. HP: 7/14 MP: 3/3
  1018 | D:2      | Reached XP level 3. HP: 13/17 MP: 4/4
  1156 | D:2      | Noticed Robin
  1444 | D:2      | Found a sacrificial altar of Ru.
  1508 | D:2      | Found a glowing golden altar of the Shining One.
  1587 | D:2      | Reached skill level 1 in Stealth
  1592 | D:2      | Killed Robin
  1631 | D:2      | Reached skill level 5 in Unarmed Combat
  1646 | D:2      | Reached XP level 4. HP: 15/21 MP: 5/5
  1925 | D:3      | Found a basalt altar of Yredelemnul.
  2189 | D:3      | Noticed Terence
  2249 | D:3      | Noticed Sigmund
  3354 | D:3      | Gained mutation: Your mind is acute. (Int +2) [potion of mutation]
  3354 | D:3      | Gained mutation: You possess an exceptional clarity of mind. [potion of mutation]
  3866 | D:4      | Noticed a phantom
  3879 | D:4      | Reached XP level 5. HP: 13/24 MP: 6/6
  3880 | D:4      | Found an ancient bone altar of Kikubaaqudgha.
  3881 | D:4      | Reached skill level 5 in Dodging
  3888 | D:4      | Mangled by a phantom
  3889 | D:4      | Reached XP level 4. HP: -8/21 MP: 5/5
  3899 | D:4      | Gained mutation: You are partially covered in thin metallic scales. (AC +2) [potion of mutation]
  3899 | D:4      | Gained mutation: Your magical capacity is low. (-10% MP) [potion of mutation]
  4029 | D:5      | Entered Level 5 of the Dungeon
  4032 | D:5      | Noticed an ogre
  4044 | D:5      | Mangled by an ogre

Skill      XL: |  1  2  3  4  5 |
---------------+----------------+-----
Stealth        | 1 |  1.7
Unarmed Combat | 5 |  5.7
Dodging        | 5 |  5.1
Fighting       | |  3.4

Action                   |  1- 3 |  4- 6 || total
-------------------------+-------+-------++-------
Melee: Unarmed           |    97 |    86 ||   183
       Bite              |    12 |    10 ||    22
       Punch             |     3 |     2 ||     5
  Use: Potion            |       |     9 ||     9
       Scroll            |       |     3 ||     3
 Stab: Sleeping          |     2 |       ||     2
  Eat: Chunk             |     2 |     3 ||     5
Armor: Skin              |     5 |     1 ||     6
Dodge: Dodged            |    98 |    95 ||   193
